| TOP OF THE 1ST |
|
Miami (APP) Marlins batting - Pitching for Helena Brewers : LHP Nolan Stefanski
|
|
Pitching: LHP Nolan Stefanski
|
|
|
Batting: RHB Adrian Bocker
|
0-0: Called Strike 0-1: Called Strike 0-2: Ball 1-2: Strikes out swinging
|
|
Batting: RHB Jason Thrash
|
0-0: Called Strike 0-1: Ball 1-1: Foul Ball, location: 2F 1-2: Strikes out swinging
|
|
Batting: RHB Mario Cota
|
0-0: Called Strike 0-1: Foul Ball, location: 2F 0-2: Foul Ball, location: 2F 0-2: Ball 1-2: Ball 2-2: Foul Ball, location: 2F 2-2: DOUBLE (Line Drive, 9LS, EV 102.5 MPH)
|
|
Batting: SHB Matt Moore
|
0-0: Ball 1-0: Called Strike 1-1: Called Strike 1-2: Strikes out looking
|
| Top of the 1st over - 0 runs, 1 hit, 0 errors, 1 left on base; Miami (APP) 0 - Helena 0 |
| BOTTOM OF THE 1ST |
|
Helena Brewers batting - Pitching for Miami (APP) Marlins : RHP Matt Alexander
|
|
Pitching: RHP Matt Alexander
|
|
|
Batting: RHB Nick Cummings
|
0-0: SINGLE (Groundball, 6MD, EV 105.6 MPH)
|
|
Batting: LHB Gabe Harvey
|
0-0: Ball Nick Cummings steals 2nd base 1-0: Ball 2-0: Ball 3-0: Called Strike 3-1: Foul Ball, location: 2F 3-2: Foul Ball, location: 2F 3-2: Strikes out swinging
|
|
Batting: SHB Craig Wright
|
0-0: Ball 1-0: Called Strike 1-1: Foul Ball, location: 2F 1-2: Strikes out swinging
|
|
Batting: SHB Robert Sayer
|
0-0: SINGLE (Groundball, 4MD, EV 105.0 MPH) Nick Cummings to third Throwing error, E8 Nick Cummings scores Robert Sayer to second
|
|
Batting: LHB Pablo Cardona
|
0-0: Ball 1-0: Ball 2-0: Ball 3-0: Called Strike 3-1: Base on Balls
|
|
Batting: RHB Jonathan Sarles
|
0-0: SINGLE (Line Drive, 9S, EV 103.1 MPH) Robert Sayer to third Pablo Cardona to second
|
|
Batting: RHB Dustin Hartman
|
0-0: Ball 1-0: Ball 2-0: Foul Ball, location: 2F 2-1: Ball 3-1: Base on Balls Robert Sayer scores Pablo Cardona to third Jonathan Sarles to second
|
|
Batting: RHB Ben Taylor
|
0-0: Ball 1-0: Ball 2-0: Ball 3-0: Called Strike 3-1: Foul Ball, location: 2F 3-2: Base on Balls Pablo Cardona scores Jonathan Sarles to third Dustin Hartman to second
|
|
Batting: LHB Umar Matoub
|
0-0: Called Strike 0-1: Foul Ball, location: 2F 0-2: Hit by Pitch Jonathan Sarles scores Dustin Hartman to third Ben Taylor to second
|
|
Batting: RHB Nick Cummings
|
0-0: Foul Ball, location: 2F 0-1: Ball 1-1: SINGLE (Groundball, 6M, EV 103.1 MPH) (infield hit) Dustin Hartman scores Ben Taylor to third Umar Matoub to second
|
|
Batting: LHB Gabe Harvey
|
0-0: Called Strike 0-1: Ground out U3 (Groundball, 3, EV 79.4 MPH)
|
| Bottom of the 1st over - 5 runs, 4 hits, 1 error, 3 left on base; Miami (APP) 0 - Helena 5 |
| TOP OF THE 2ND |
|
Miami (APP) Marlins batting - Pitching for Helena Brewers : LHP Nolan Stefanski
|
|
Batting: RHB Keith Bennett
|
0-0: Called Strike 0-1: Foul Ball, location: 2F 0-2: Ball 1-2: Ground out 6-3 (Groundball, 6, EV 92.5 MPH)
|
|
Batting: RHB Rick Knoblauch
|
0-0: Ball 1-0: Ball 2-0: Called Strike 2-1: Foul Ball, location: 2F 2-2: Foul Ball, location: 2F 2-2: Strikes out swinging
|
|
Batting: LHB Gavrilo Brkic
|
0-0: Ball 1-0: Swinging Strike 1-1: Foul Ball, location: 2F 1-2: Strikes out looking
|
| Top of the 2nd over - 0 runs, 0 hits, 0 errors, 0 left on base; Miami (APP) 0 - Helena 5 |
| BOTTOM OF THE 2ND |
|
Helena Brewers batting - Pitching for Miami (APP) Marlins : RHP Matt Alexander
|
|
Batting: SHB Craig Wright
|
0-0: Called Strike 0-1: Ball 1-1: Ground out 4-3 (Groundball, 4D, EV 106.3 MPH)
|
|
Batting: SHB Robert Sayer
|
0-0: Foul Ball, location: 2F 0-1: Foul Ball, location: 2F 0-2: Ball 1-2: SINGLE (Groundball, 5D, EV 102.5 MPH)
|
|
Batting: LHB Pablo Cardona
|
0-0: Foul Ball, location: 2F 0-1: Foul Ball, location: 2F 0-2: Foul Ball, location: 2F 0-2: Ball 1-2: Hit by Pitch Robert Sayer to second
|
|
Batting: RHB Jonathan Sarles
|
0-0: Called Strike 0-1: Ball Wild Pitch! Robert Sayer to third Pablo Cardona to second 1-1: Ground out 4-3 (Groundball, 4, EV 77.5 MPH) Robert Sayer scores Pablo Cardona to third
|
|
Pitching: LHP Tyler Murders
|
|
|
Batting: RHB Dustin Hartman
|
0-0: Fly out, F8 (Flyball, 8RS, EV 90.0 MPH)
|
| Bottom of the 2nd over - 1 run, 1 hit, 0 errors, 1 left on base; Miami (APP) 0 - Helena 6 |
| TOP OF THE 3RD |
|
Miami (APP) Marlins batting - Pitching for Helena Brewers : LHP Nolan Stefanski
|
|
Batting: LHB Melvin Castro
|
0-0: SINGLE (Groundball, 4M, EV 109.4 MPH)
|
|
Batting: LHB Bryan Wedge
|
0-0: Sac Bunt to P - play at first, batter OUT! 1-3 Melvin Castro to second
|
|
Batting: RHB Adrian Bocker
|
0-0: Ball Wild Pitch! Melvin Castro to third 1-0: Fly out, F8 (Flyball, 8RS, EV 88.1 MPH)
|
|
Batting: RHB Jason Thrash
|
0-0: Ball 1-0: Foul Ball, location: 2F 1-1: Ball 2-1: Ball 3-1: Swinging Strike 3-2: Strikes out swinging
|
| Top of the 3rd over - 0 runs, 1 hit, 0 errors, 1 left on base; Miami (APP) 0 - Helena 6 |
| BOTTOM OF THE 3RD |
|
Helena Brewers batting - Pitching for Miami (APP) Marlins : LHP Tyler Murders
|
|
Batting: RHB Ben Taylor
|
0-0: Ground out 6-3 (Groundball, 6, EV 85.6 MPH)
|
|
Batting: LHB Umar Matoub
|
0-0: Ball 1-0: Foul Ball, location: 2F 1-1: Called Strike 1-2: Ball 2-2: Strikes out looking
|
|
Batting: RHB Nick Cummings
|
0-0: Ball 1-0: Ball 2-0: Ball 3-0: Called Strike 3-1: Foul Ball, location: 2F 3-2: Foul Ball, location: 2F 3-2: Base on Balls
|
|
Batting: LHB Gabe Harvey
|
0-0: Called Strike 0-1: Foul Ball, location: 2F 0-2: 2-RUN HOME RUN (Flyball, 9D, EV 98.1 MPH), Distance : 396 ft
|
|
Batting: SHB Craig Wright
|
0-0: Ball 1-0: Foul Ball, location: 2F 1-1: Ball 2-1: Swinging Strike 2-2: Ball 3-2: Foul Ball, location: 2F 3-2: Strikes out swinging
|
| Bottom of the 3rd over - 2 runs, 1 hit, 0 errors, 0 left on base; Miami (APP) 0 - Helena 8 |
| TOP OF THE 4TH |
|
Miami (APP) Marlins batting - Pitching for Helena Brewers : LHP Nolan Stefanski
|
|
Batting: RHB Mario Cota
|
0-0: Ball 1-0: SINGLE (Line Drive, 6MD, EV 101.9 MPH)
|
|
Batting: SHB Matt Moore
|
0-0: Ball 1-0: Fly out, F8 (Line Drive, 8LD, EV 97.5 MPH)
|
|
Batting: RHB Keith Bennett
|
0-0: Called Strike 0-1: Ball 1-1: Called Strike 1-2: Ball Wild Pitch! Mario Cota to second 2-2: Ball 3-2: Foul Ball, location: 2F 3-2: Foul Ball, location: 2F 3-2: SINGLE (Line Drive, 9S, EV 98.8 MPH) Mario Cota to third
|
|
Batting: RHB Rick Knoblauch
|
0-0: Ball 1-0: Called Strike 1-1: Foul Ball, location: 2F 1-2: Strikes out swinging
|
|
Batting: LHB Gavrilo Brkic
|
0-0: Ball 1-0: Called Strike 1-1: Foul Ball, location: 2F 1-2: Strikes out swinging
|
| Top of the 4th over - 0 runs, 2 hits, 0 errors, 2 left on base; Miami (APP) 0 - Helena 8 |
| BOTTOM OF THE 4TH |
|
Helena Brewers batting - Pitching for Miami (APP) Marlins : LHP Tyler Murders
|
|
Batting: SHB Robert Sayer
|
0-0: Ball 1-0: TRIPLE (Flyball, 8RXD, EV 100.0 MPH)
|
|
Batting: LHB Pablo Cardona
|
0-0: Foul Ball, location: 2F 0-1: Called Strike 0-2: Foul Ball, location: 2F 0-2: Ball 1-2: Strikes out looking
|
|
Batting: RHB Jonathan Sarles
|
0-0: Ground out U3 (Groundball, 3, EV 106.3 MPH)
|
|
Batting: RHB Dustin Hartman
|
0-0: Ball Passed Ball! Robert Sayer scores 1-0: Ball 2-0: Ball 3-0: Base on Balls
|
|
Batting: RHB Ben Taylor
|
0-0: 2-RUN HOME RUN (Flyball, 78XD, EV 101.9 MPH), Distance : 430 ft
|
|
Pitching: RHP Adam Brown
|
|
|
Batting: LHB Umar Matoub
|
0-0: Called Strike 0-1: Ground out 2-3 (Groundball, 2L, EV 68.1 MPH)
|
| Bottom of the 4th over - 3 runs, 2 hits, 0 errors, 0 left on base; Miami (APP) 0 - Helena 11 |
| TOP OF THE 5TH |
|
Miami (APP) Marlins batting - Pitching for Helena Brewers : LHP Nolan Stefanski
|
|
Batting: LHB Melvin Castro
|
0-0: Swinging Strike 0-1: Ball 1-1: Called Strike 1-2: Strikes out looking
|
|
Batting: LHB Bryan Wedge
|
0-0: Swinging Strike 0-1: Foul Ball, location: 2F 0-2: Ball 1-2: Foul Ball, location: 2F 1-2: Ball 2-2: Strikes out swinging
|
|
Batting: RHB Adrian Bocker
|
0-0: Ball 1-0: Ball 2-0: Foul Ball, location: 2F 2-1: Foul Ball, location: 2F 2-2: Ball 3-2: Fly out, F7 (Line Drive, 7, EV 96.3 MPH)
|
| Top of the 5th over - 0 runs, 0 hits, 0 errors, 0 left on base; Miami (APP) 0 - Helena 11 |
| BOTTOM OF THE 5TH |
|
Helena Brewers batting - Pitching for Miami (APP) Marlins : RHP Adam Brown
|
|
Batting: RHB Nick Cummings
|
0-0: Ball 1-0: Swinging Strike 1-1: Ball 2-1: Called Strike 2-2: Foul Ball, location: 2F 2-2: Ball 3-2: Base on Balls
|
|
Batting: LHB Gabe Harvey
|
0-0: Foul Ball, location: 2F 0-1: Called Strike 0-2: Ball 1-2: Ball 2-2: SINGLE (Flyball, 78S, EV 85.6 MPH) Nick Cummings to second
|
|
Batting: SHB Craig Wright
|
0-0: Swinging Strike 0-1: DOUBLE (Groundball, 5L, EV 102.5 MPH) Nick Cummings scores Gabe Harvey to third Runner from 3rd tries for Home, SAFE, throw by LF to trailing runner, SAFE at third!
|
|
Batting: SHB Robert Sayer
|
0-0: Called Strike 0-1: Ball 1-1: Ball 2-1: Ball 3-1: Base on Balls
|
|
Pitching: RHP Jeremy Akande
|
|
|
Batting: LHB Pablo Cardona
|
0-0: Ball 1-0: Ball 2-0: Ball 3-0: Base on Balls Robert Sayer to second
|
|
Batting: RHB Jonathan Sarles
|
0-0: Ball 1-0: Called Strike 1-1: SINGLE (Line Drive, 56D, EV 104.4 MPH) Craig Wright scores Robert Sayer to third Pablo Cardona to second
|
|
Batting: RHB Dustin Hartman
|
0-0: Foul Ball, location: 2F 0-1: Ball 1-1: Reached via error on a dropped throw from 3B, E4 (Groundball, 56, EV 98.1 MPH) Robert Sayer scores Pablo Cardona to third Jonathan Sarles to second
|
|
Batting: RHB Ben Taylor
|
0-0: Foul Ball, location: 2F 0-1: DOUBLE (Flyball, 89D, EV 92.5 MPH) Pablo Cardona scores Jonathan Sarles scores Dustin Hartman to third
|
|
Batting: LHB Umar Matoub
|
0-0: Called Strike 0-1: Ball 1-1: Fly out, F4 (Line Drive, 4, EV 73.1 MPH)
|
|
Batting: RHB Nick Cummings
|
0-0: Called Strike 0-1: Ball 1-1: DOUBLE (Line Drive, 89D, EV 103.1 MPH) Dustin Hartman scores Ben Taylor scores
|
|
Pitching: LHP Mike Wasson
|
|
|
Batting: LHB Gabe Harvey
|
0-0: Called Strike 0-1: Ball 1-1: SINGLE (Groundball, 4MD, EV 105.0 MPH) Nick Cummings to third Runner from 3rd tries for Home, SAFE, throw by CF to home
|
|
Batting: SHB Craig Wright
|
0-0: Ball 1-0: Called Strike 1-1: DOUBLE (Groundball, 3L, EV 107.5 MPH) Gabe Harvey to third
|
|
Batting: SHB Robert Sayer
|
0-0: Foul Ball, location: 2F 0-1: Ball 1-1: Ball 2-1: Ball 3-1: Called Strike 3-2: Fly out, F6 (Line Drive, 6, EV 68.1 MPH)
|
|
Batting: LHB Pablo Cardona
|
0-0: Ball Wild Pitch! Gabe Harvey scores Craig Wright to third 1-0: Foul Ball, location: 2F 1-1: Ball 2-1: Called Strike 2-2: Ball 3-2: Base on Balls
|
|
Batting: RHB Jonathan Sarles
|
0-0: Ball 1-0: Ball 2-0: Ball 3-0: Called Strike 3-1: Base on Balls Pablo Cardona to second
|
|
Batting: RHB Dustin Hartman
|
0-0: Ball 1-0: Ball 2-0: SINGLE (Groundball, 4M, EV 105.6 MPH) Craig Wright scores Pablo Cardona to third Jonathan Sarles to second Throwing error, E8 Pablo Cardona scores Jonathan Sarles to third Dustin Hartman to second
|
|
Batting: RHB Ben Taylor
|
0-0: Called Strike 0-1: SINGLE (Groundball, 6MD, EV 99.4 MPH) Jonathan Sarles scores Dustin Hartman to third Runner from 3rd tries for Home, SAFE, throw by CF to home Ben Taylor to second
|
|
Batting: LHB Umar Matoub
|
0-0: Called Strike 0-1: Ball 1-1: Ball 2-1: Ball 3-1: 2-RUN HOME RUN (Flyball, 89XD, EV 110.6 MPH), Distance : 403 ft
|
|
Batting: RHB Nick Cummings
|
0-0: Called Strike 0-1: Ball 1-1: Swinging Strike 1-2: SINGLE (Line Drive, 8RS, EV 110.6 MPH)
|
|
Batting: LHB Gabe Harvey
|
0-0: Fielders Choice at 2nd, 5-4 (Groundball, 56, EV 95.6 MPH)
|
| Bottom of the 5th over - 16 runs, 11 hits, 2 errors, 1 left on base; Miami (APP) 0 - Helena 27 |
| TOP OF THE 6TH |
|
Miami (APP) Marlins batting - Pitching for Helena Brewers : LHP Nolan Stefanski
|
|
Batting: RHB Jason Thrash
|
0-0: Ball 1-0: Ball 2-0: Called Strike 2-1: Called Strike 2-2: Strikes out swinging
|
|
Batting: RHB Mario Cota
|
0-0: Ball 1-0: Called Strike 1-1: DOUBLE (Line Drive, 89M, EV 109.4 MPH)
|
|
Batting: SHB Matt Moore
|
0-0: Called Strike 0-1: Ball 1-1: Foul Ball, location: 2F 1-2: Ball 2-2: Ball 3-2: Foul Ball, location: 2F 3-2: Ground out 5-3 (Groundball, 5S, EV 85.6 MPH)
|
|
Batting: RHB Keith Bennett
|
0-0: Ball 1-0: Foul Ball, location: 2F 1-1: Fly out, F7 (Flyball, 7LM, EV 106.3 MPH)
|
| Top of the 6th over - 0 runs, 1 hit, 0 errors, 1 left on base; Miami (APP) 0 - Helena 27 |
| BOTTOM OF THE 6TH |
|
Helena Brewers batting - Pitching for Miami (APP) Marlins : LHP Mike Wasson
|
|
Batting: SHB Craig Wright
|
0-0: Ball 1-0: SINGLE (Groundball, 4, EV 98.8 MPH)
|
|
Batting: SHB Robert Sayer
|
0-0: Reached on error, E6 (Groundball, 6, EV 103.1 MPH) Craig Wright to second
|
|
Batting: LHB Pablo Cardona
|
0-0: SINGLE (Groundball, 4, EV 111.3 MPH) Craig Wright to third Robert Sayer to second
|
|
Batting: RHB Jonathan Sarles
|
0-0: Ball 1-0: Foul Ball, location: 2F 1-1: Fielders Choice at 2nd, 5-4 (Groundball, 56, EV 101.3 MPH) Craig Wright scores Robert Sayer to third
|
|
Batting: RHB Dustin Hartman
|
0-0: SINGLE (Groundball, 4MD, EV 110.0 MPH) Robert Sayer scores Jonathan Sarles to second
|
|
Batting: RHB Ben Taylor
|
0-0: SINGLE (Groundball, 4, EV 98.1 MPH) Jonathan Sarles to third Dustin Hartman to second Runner from 3rd tries for Home, throw by CF and OUT! 8-2
|
|
Batting: LHB Umar Matoub
|
0-0: Called Strike 0-1: Ball 1-1: Fly out, F9 (Flyball, 89D, EV 98.8 MPH)
|
| Bottom of the 6th over - 2 runs, 4 hits, 1 error, 2 left on base; Miami (APP) 0 - Helena 29 |
| TOP OF THE 7TH |
|
Miami (APP) Marlins batting - Pitching for Helena Brewers : LHP Nolan Stefanski
|
|
Batting: RHB Rick Knoblauch
|
0-0: Called Strike 0-1: Ball 1-1: Foul Ball, location: 2F 1-2: Ball 2-2: Strikes out swinging
|
|
Batting: LHB Gavrilo Brkic
|
0-0: Ground out 4-3 (Groundball, 4, EV 88.8 MPH)
|
|
Batting: LHB Melvin Castro
|
0-0: Called Strike 0-1: Foul Ball, location: 2F 0-2: Strikes out looking
|
| Top of the 7th over - 0 runs, 0 hits, 0 errors, 0 left on base; Miami (APP) 0 - Helena 29 |
| BOTTOM OF THE 7TH |
|
Helena Brewers batting - Pitching for Miami (APP) Marlins : LHP Mike Wasson
|
|
Batting: RHB Nick Cummings
|
0-0: SINGLE (Line Drive, 7LM, EV 105.0 MPH)
|
|
Batting: LHB Gabe Harvey
|
0-0: Ball 1-0: Fly out, F8 (Flyball, 78XD, EV 98.8 MPH)
|
|
Pinch Hitting: RHB Josh Nelson
|
0-0: Called Strike 0-1: Fielders Choice at 2nd, 5-4 (Groundball, 56, EV 84.4 MPH)
|
|
Batting: SHB Robert Sayer
|
0-0: Ball 1-0: Ground out 6-3 (Groundball, 6S, EV 84.4 MPH)
|
| Bottom of the 7th over - 0 runs, 1 hit, 0 errors, 1 left on base; Miami (APP) 0 - Helena 29 |
| TOP OF THE 8TH |
|
Miami (APP) Marlins batting - Pitching for Helena Brewers : LHP Nolan Stefanski
|
|
Pitching: LHP Willis Escobedo
|
|
|
Now in LF: Josh Nelson
|
|
|
Batting: LHB Bryan Wedge
|
0-0: Called Strike 0-1: Foul Ball, location: 2F 0-2: Ball 1-2: Strikes out swinging
|
|
Batting: RHB Adrian Bocker
|
0-0: Called Strike 0-1: Foul Ball, location: 2F 0-2: Strikes out swinging
|
|
Batting: RHB Jason Thrash
|
0-0: Called Strike 0-1: Ground out 5-3 (Groundball, 5, EV 86.9 MPH)
|
| Top of the 8th over - 0 runs, 0 hits, 0 errors, 0 left on base; Miami (APP) 0 - Helena 29 |
| BOTTOM OF THE 8TH |
|
Helena Brewers batting - Pitching for Miami (APP) Marlins : LHP Mike Wasson
|
|
Batting: LHB Pablo Cardona
|
0-0: Called Strike 0-1: SINGLE (Groundball, 4D, EV 95.0 MPH)
|
|
Batting: RHB Jonathan Sarles
|
0-0: Fielders Choice at 2nd, 3-6 (Groundball, 34S, EV 90.6 MPH)
|
|
Pinch Hitting: SHB Adam Slade
|
0-0: Ball 1-0: Fielders Choice at 2nd, 5-4 (Groundball, 56, EV 105.0 MPH)
|
|
Batting: RHB Ben Taylor
|
0-0: Fielders Choice at 2nd, 6-4 (Groundball, 6, EV 110.6 MPH)
|
| Bottom of the 8th over - 0 runs, 1 hit, 0 errors, 1 left on base; Miami (APP) 0 - Helena 29 |
| TOP OF THE 9TH |
|
Miami (APP) Marlins batting - Pitching for Helena Brewers : LHP Willis Escobedo
|
|
Now at 3B: Adam Slade
|
|
|
Batting: RHB Mario Cota
|
0-0: Ball 1-0: Ball 2-0: Swinging Strike 2-1: Ball 3-1: Ground out 5-3 (Groundball, 56, EV 103.8 MPH)
|
|
Batting: SHB Matt Moore
|
0-0: Called Strike 0-1: Ball 1-1: Ball 2-1: Foul Ball, location: 2F 2-2: SINGLE (Groundball, 56D, EV 95.6 MPH)
|
|
Batting: RHB Keith Bennett
|
0-0: Ball 1-0: Foul Ball, location: 2F 1-1: Swinging Strike 1-2: Strikes out swinging
|
|
Batting: RHB Rick Knoblauch
|
0-0: Ball 1-0: Called Strike 1-1: Ball 2-1: Swinging Strike 2-2: Foul Ball, location: 2F 2-2: Strikes out looking
|
| Top of the 9th over - 0 runs, 1 hit, 0 errors, 1 left on base; Miami (APP) 0 - Helena 29 |
|